 Dungeon Crawl Stone Soup version 0.19.5 (webtiles) character file.

72 miragecloak the Changer (level 4, 0/28 HPs)
             Began as an Octopode Transmuter on Apr 26, 2017.
             Succumbed to an adder's poison
             ... on level 2 of the Dungeon.
             The game lasted 00:01:43 (1840 turns).

miragecloak the Changer (Octopode Transmuter)       Turns: 1840, Time: 00:01:44

Health: 0/28       AC:  2    Str:  9    XL:     4   Next: 25%
Magic:  2/7        EV: 20    Int: 15    God:
Gold:   91         SH:  0    Dex: 18    Spells: 2 memorised, 3 levels left

rFire  . . .     SeeInvis .       - Unarmed
rCold  . . .     Gourm    .     (shield currently unavailable)
rNeg   . . .     Faith    .     (helmet currently unavailable)
rPois  x         Spirit   .     (no amulet)
rElec  .         Reflect  .     (no ring)
rCorr  .         Harm     .     (no ring)
MR     .....                    (no ring)
Stlth  ++........               (no ring)
                                (no ring)
                                (no ring)
                                (no ring)
                                (no ring)

@: lethally poisoned (0 -> -10), spider-form
A: almost no armour, stealthy swim, (amphibious), 8 rings, (constrict 8),
(camouflage 0), (gelatinous body 0)
a: End Transformation


You were on level 2 of the Dungeon.
You were not hungry.
You were a venomous arachnid creature.
You visited 1 branch of the dungeon, and saw 2 of its levels.

You collected 91 gold pieces.

Inventory:

Missiles
 a - 28 arrows
Scrolls
 d - a scroll of teleportation {unknown}
Potions
 e - 3 potions of curing {unknown}
 g - a potion of might {unknown}
 h - a potion of degeneration {unknown}
 i - a potion of mutation {unknown}
Books
 b - a book of Changes

   Spells                             Type                      Level
   a - Beastly Appendage              Transmutation                1
   b - Sticks to Snakes               Transmutation                2
   c - Spider Form                    Transmutation/Poison         3
   d - Ice Form                       Ice/Transmutation            4
   e - Blade Hands                    Transmutation                5
Comestibles
 c - 2 bread rations
 f - a meat ration


   Skills:
 - Level 1.0 Fighting
 - Level 2.0 Dodging
 - Level 3.0 Unarmed Combat
 - Level 2.0 Spellcasting
 + Level 3.9 Transmutations
 + Level 2.0 Poison Magic


You had 3 spell levels left.
You knew the following spells:

 Your Spells              Type           Power        Failure   Level  Hunger
a - Beastly Appendage     Tmut           ##....       17%         1    #......
b - Spider Form           Tmut/Pois      ##........   45%         3    ###....


Dungeon Overview and Level Annotations

Branches:
Dungeon (2/15)

Altars:
Xom


Innate Abilities, Weirdness & Mutations

You cannot wear most types of armour.
You are very stealthy in the water. (Stealth+)
((You are amphibious.))
You can wear up to eight rings at the same time.
((You can use your tentacles to constrict eight enemies at once.))
((Your skin changes colour to match your surroundings (Stealth+).))
((Your rubbery body absorbs attacks. (AC +1, EV +1)))


Message History

* * * LOW HITPOINT WARNING * * *
You feel sick.
* * * LOW HITPOINT WARNING * * *
You feel sick.
* * * LOW HITPOINT WARNING * * *
You feel sick. The adder barely misses you.
You see here an adder corpse.
* * * LOW HITPOINT WARNING * * *
You feel sick.
You see here a giant cockroach corpse.
* * * LOW HITPOINT WARNING * * *
You feel sick.
* * * LOW HITPOINT WARNING * * *
You feel sick.
* * * LOW HITPOINT WARNING * * *
You feel sick. The adder closely misses you.
Casting: Spider Form
Confirm with . or Enter, or press ? or * to list all spells.
You turn into a venomous arachnid creature.
You die...

######## #......#
#.####.## ####### #.#
#..###.<...# ##
#.#####..##.....# #.#
#.#.............. ..
####..##.#........#.###.
...#......).#........#.#
#.
....#.##...s######..#...#
## ......###..S.#
####.### ....#...##S###
### g...#g....>†.#
####### ........r.†#.#
#...... .............+
#...)## ...........###
####... .........#..#
#.####. ≈........##..#
#......


You could see 2 adders and a rat.

Vanquished Creatures
  2 adders (D:2)
  2 oozes (D:1)
  A dart slug (D:1)
  A leopard gecko (D:2)
  A giant cockroach (D:2)
  4 goblins
  8 hobgoblins
  4 jackals (D:1)
  A quokka (D:2)
  A ball python (D:1)
  2 bats
  6 frilled lizards
  3 kobolds (D:1)
  5 rats (D:1)
41 creatures vanquished.

Notes
Turn   | Place    | Note
-------+----------+-------------------------------------------
     0 | D:1      | miragecloak the Octopode Transmuter began the quest for the Orb.
     0 | D:1      | Reached XP level 1. HP: 13/13 MP: 3/3
   339 | D:1      | Reached XP level 2. HP: 9/18 MP: 3/5
   886 | D:1      | Reached XP level 3. HP: 22/23 MP: 4/6
   891 | D:1      | Learned a level 3 spell: Spider Form
  1356 | D:1      | Found a shimmering altar of Xom.
  1577 | D:2      | Reached skill level 1 in Poison Magic
  1613 | D:2      | Reached XP level 4. HP: 20/28 MP: 3/7
  1839 | D:2      | HP: 1/28 [poisoned by an adder]
  1840 | D:2      | Succumbed to an adder's poison

Skill      XL: |  1  2  3  4 |
---------------+-------------+-----
Transmutations | 3 |  3.9
Poison Magic   | 1 2 |  2.0
Fighting       | |  1.0
Dodging        | |  2.0
Unarmed Combat | |  3.0
Spellcasting   | |  2.0

Action                   |  1- 3 |  4- 6 || total
-------------------------+-------+-------++-------
Melee: Unarmed           |    99 |    15 ||   114
       Constrict         |    24 |       ||    24
       Kick              |    23 |       ||    23
       Tentacles         |    13 |       ||    13
       Punch             |     2 |       ||     2
 Cast: Beastly Appendage |    29 |       ||    29
       Spider Form       |     1 |     3 ||     4
 Stab: Sleeping          |     1 |       ||     1
  Eat: Chunk             |     1 |     3 ||     4
Armor: Skin              |     6 |     1 ||     7
Dodge: Dodged            |    69 |    12 ||    81
